| TOP OF THE 1ST |
|
Chicago (APP) Cubs batting - Pitching for Johnson City Cardinals : RHP David Lopez
|
|
Pitching: RHP David Lopez
|
|
|
Batting: RHB Adrian Cox
|
0-0: Ball 1-0: Foul Ball, location: 2F 1-1: Ball 2-1: Called Strike 2-2: Ball 3-2: Fly out, F8 (Line Drive, 8RM, EV 101.9 MPH)
|
|
Batting: RHB Mike Hill
|
0-0: Foul Ball, location: 2F 0-1: Ball 1-1: Ball 2-1: Foul Ball, location: 2F 2-2: Ball 3-2: DOUBLE (Line Drive, 5D, EV 108.1 MPH)
|
|
Batting: LHB Hiroki Yamamoto
|
0-0: Foul Ball, location: 2F 0-1: Ground out 6-3 (Groundball, 6, EV 100.6 MPH)
|
|
Batting: RHB T.J. Garrison
|
0-0: Swinging Strike 0-1: Ball 1-1: SINGLE (Groundball, 34D, EV 107.5 MPH) Mike Hill to third Runner from 3rd tries for Home, SAFE, throw by RF to home
|
|
Batting: RHB Dustin Goldsborough
|
0-0: Ball 1-0: Swinging Strike 1-1: Ball 2-1: Foul Ball, location: 2F 2-2: Ball 3-2: Strikes out swinging, 2-3 out at first.
|
| Top of the 1st over - 1 run, 2 hits, 0 errors, 1 left on base; Chicago (APP) 1 - Johnson City 0 |
| BOTTOM OF THE 1ST |
|
Johnson City Cardinals batting - Pitching for Chicago (APP) Cubs : RHP Bogdan Sdobnyakov
|
|
Pitching: RHP Bogdan Sdobnyakov
|
|
|
Batting: RHB Nick Latulippe
|
0-0: Ball 1-0: Called Strike 1-1: Swinging Strike 1-2: Ball 2-2: Ball 3-2: Ground out 6-3 (Groundball, 6, EV 101.2 MPH)
|
|
Batting: LHB Billy Lang
|
0-0: Bunt missed! 0-1: Swinging Strike 0-2: Strikes out looking
|
|
Batting: RHB Kyle Burns
|
0-0: Ball 1-0: Ball 2-0: Ball 3-0: Called Strike 3-1: Foul Ball, location: 2F 3-2: Base on Balls
|
|
Batting: SHB Justin Towry
|
0-0: Foul Ball, location: 2F 0-1: Ball 1-1: Ball Wild Pitch! Kyle Burns to second 2-1: Ground out 4-3 (Groundball, 4M, EV 78.1 MPH)
|
| Bottom of the 1st over - 0 runs, 0 hits, 0 errors, 1 left on base; Chicago (APP) 1 - Johnson City 0 |
| TOP OF THE 2ND |
|
Chicago (APP) Cubs batting - Pitching for Johnson City Cardinals : RHP David Lopez
|
|
Batting: RHB Andy Baumhardt
|
0-0: Foul Ball, location: 2F 0-1: Called Strike 0-2: Foul Ball, location: 2F 0-2: Ground out 6-3 (Groundball, 6, EV 76.9 MPH)
|
|
Batting: RHB Trevor Woodbury
|
0-0: Ground out 4-3 (Groundball, 4, EV 90.6 MPH)
|
|
Batting: LHB Tom Mooney
|
0-0: Ball 1-0: SINGLE (Groundball, 34D, EV 98.1 MPH)
|
|
Batting: RHB Ricardo Saucedo
|
0-0: Called Strike 0-1: Ball 1-1: Foul Ball, location: 2F 1-2: Ball 2-2: Ball 3-2: Foul Ball, location: 2F 3-2: Foul Ball, location: 2F 3-2: Base on Balls Tom Mooney to second
|
|
Batting: RHB Adrian Cox
|
0-0: Ball 1-0: Foul Ball, location: 2F 1-1: Called Strike 1-2: Foul Ball, location: 2F 1-2: Strikes out swinging
|
| Top of the 2nd over - 0 runs, 1 hit, 0 errors, 2 left on base; Chicago (APP) 1 - Johnson City 0 |
| BOTTOM OF THE 2ND |
|
Johnson City Cardinals batting - Pitching for Chicago (APP) Cubs : RHP Bogdan Sdobnyakov
|
|
Batting: RHB Herbert Loveless
|
0-0: Swinging Strike 0-1: Called Strike 0-2: Ball 1-2: Ball 2-2: Ball 3-2: Strikes out looking
|
|
Batting: RHB Adam Hudson
|
0-0: Foul Ball, location: 2F 0-1: Ball 1-1: Ball 2-1: Ball 3-1: Called Strike 3-2: Base on Balls
|
|
Batting: RHB Alex Melgoza
|
0-0: Foul Ball, location: 2F 0-1: Swinging Strike 0-2: Ball 1-2: Foul Ball, location: 2F 1-2: Ball 2-2: Ball 3-2: Foul Ball, location: 2F 3-2: Strikes out swinging
|
|
Batting: RHB Bobby Miles
|
0-0: Ball 1-0: Ball 2-0: Foul Ball, location: 2F 2-1: Foul Ball, location: 2F 2-2: Foul Ball, location: 2F 2-2: Ball 3-2: Ground out 6-3 (Groundball, 6, EV 76.2 MPH)
|
| Bottom of the 2nd over - 0 runs, 0 hits, 0 errors, 1 left on base; Chicago (APP) 1 - Johnson City 0 |
| TOP OF THE 3RD |
|
Chicago (APP) Cubs batting - Pitching for Johnson City Cardinals : RHP David Lopez
|
|
Batting: RHB Mike Hill
|
0-0: Swinging Strike 0-1: Swinging Strike 0-2: Strikes out swinging
|
|
Batting: LHB Hiroki Yamamoto
|
0-0: Ball 1-0: Ball 2-0: Foul Ball, location: 2F 2-1: Ball 3-1: Base on Balls
|
|
Batting: RHB T.J. Garrison
|
0-0: Foul Ball, location: 2F 0-1: Called Strike 0-2: Ball 1-2: Ball 2-2: Fly out, F7 (Flyball, 7LD, EV 108.8 MPH)
|
|
Batting: RHB Dustin Goldsborough
|
0-0: Ball Hiroki Yamamoto steals 2nd base 1-0: Foul Ball, location: 2F 1-1: Swinging Strike 1-2: Foul Ball, location: 2F 1-2: Strikes out looking
|
| Top of the 3rd over - 0 runs, 0 hits, 0 errors, 1 left on base; Chicago (APP) 1 - Johnson City 0 |
| BOTTOM OF THE 3RD |
|
Johnson City Cardinals batting - Pitching for Chicago (APP) Cubs : RHP Bogdan Sdobnyakov
|
|
Batting: RHB Edgar Klockow
|
0-0: Ball 1-0: Foul Ball, location: 2F 1-1: Swinging Strike 1-2: Foul Ball, location: 2F 1-2: Ground out 6-3 (Groundball, 6, EV 103.1 MPH)
|
|
Batting: RHB Nick Latulippe
|
0-0: Foul Ball, location: 2F 0-1: Foul Ball, location: 2F 0-2: Strikes out looking and he physically ARGUES THE CALL AND IS TOSSED!
|
|
Batting: LHB Billy Lang
|
0-0: Called Strike 0-1: Foul Ball, location: 2F 0-2: Ball 1-2: Foul Ball, location: 2F 1-2: Ball 2-2: SOLO HOME RUN (Flyball, 9D, EV 95.6 MPH), Distance : 382 ft
|
|
Batting: RHB Kyle Burns
|
0-0: Ball 1-0: Swinging Strike 1-1: Ball 2-1: Ground out 5-3 (Groundball, 56S, EV 66.9 MPH)
|
| Bottom of the 3rd over - 1 run, 1 hit, 0 errors, 0 left on base; Chicago (APP) 1 - Johnson City 1 |
| TOP OF THE 4TH |
|
Chicago (APP) Cubs batting - Pitching for Johnson City Cardinals : RHP David Lopez
|
|
Now at 3B: Sam Daw
|
|
|
Batting: RHB Andy Baumhardt
|
0-0: Called Strike 0-1: Ball 1-1: Foul Ball, location: 2F 1-2: Ball 2-2: Ground out 5-3 (Groundball, 56S, EV 87.5 MPH)
|
|
Batting: RHB Trevor Woodbury
|
0-0: Ground out 6-3 (Groundball, 6, EV 106.2 MPH)
|
|
Batting: LHB Tom Mooney
|
0-0: Called Strike 0-1: Swinging Strike 0-2: Strikes out swinging
|
| Top of the 4th over - 0 runs, 0 hits, 0 errors, 0 left on base; Chicago (APP) 1 - Johnson City 1 |
| BOTTOM OF THE 4TH |
|
Johnson City Cardinals batting - Pitching for Chicago (APP) Cubs : RHP Bogdan Sdobnyakov
|
|
Batting: SHB Justin Towry
|
0-0: Called Strike 0-1: Swinging Strike 0-2: Ball 1-2: Strikes out swinging
|
|
Batting: RHB Herbert Loveless
|
0-0: Called Strike 0-1: Ball 1-1: Ball 2-1: Swinging Strike 2-2: Ball 3-2: Strikes out looking
|
|
Batting: RHB Adam Hudson
|
0-0: Foul Ball, location: 2F 0-1: Fly out, F8 (Line Drive, 78M, EV 90.6 MPH)
|
| Bottom of the 4th over - 0 runs, 0 hits, 0 errors, 0 left on base; Chicago (APP) 1 - Johnson City 1 |
| TOP OF THE 5TH |
|
Chicago (APP) Cubs batting - Pitching for Johnson City Cardinals : RHP David Lopez
|
|
Batting: RHB Ricardo Saucedo
|
0-0: Ball 1-0: Foul Ball, location: 2F 1-1: Called Strike 1-2: Strikes out looking
|
|
Batting: RHB Adrian Cox
|
0-0: Ground out U3 (Groundball, 34, EV 80.6 MPH)
|
|
Batting: RHB Mike Hill
|
0-0: Foul Ball, location: 2F 0-1: Called Strike 0-2: Strikes out swinging
|
| Top of the 5th over - 0 runs, 0 hits, 0 errors, 0 left on base; Chicago (APP) 1 - Johnson City 1 |
| BOTTOM OF THE 5TH |
|
Johnson City Cardinals batting - Pitching for Chicago (APP) Cubs : RHP Bogdan Sdobnyakov
|
|
Batting: RHB Alex Melgoza
|
0-0: Called Strike 0-1: Foul Ball, location: 2F 0-2: Ball 1-2: Ball 2-2: SINGLE (Line Drive, 8RS, EV 91.9 MPH)
|
|
Batting: RHB Bobby Miles
|
0-0: Ball 1-0: Ball 2-0: Called Strike 2-1: Foul Ball, location: 2F 2-2: Ball 3-2: Foul Ball, location: 2F 3-2: Foul Ball, location: 2F 3-2: Strikes out swinging
|
|
Pitching: RHP Velimir Sljivancanin
|
|
|
Batting: RHB Edgar Klockow
|
0-0: Foul Ball, location: 2F 0-1: Ball Alex Melgoza steals 2nd base 1-1: Ball Alex Melgoza steals 3rd base 2-1: Ball 3-1: Swinging Strike 3-2: Strikes out looking
|
|
Batting: RHB Sam Daw
|
0-0: Foul Ball, location: 2F 0-1: Ball 1-1: Called Strike 1-2: Strikes out swinging
|
| Bottom of the 5th over - 0 runs, 1 hit, 0 errors, 1 left on base; Chicago (APP) 1 - Johnson City 1 |
| TOP OF THE 6TH |
|
Chicago (APP) Cubs batting - Pitching for Johnson City Cardinals : RHP David Lopez
|
|
Pitching: RHP Francisco Galindo
|
|
|
Batting: LHB Hiroki Yamamoto
|
0-0: Called Strike 0-1: Called Strike 0-2: Strikes out looking
|
|
Batting: RHB T.J. Garrison
|
0-0: Foul Ball, location: 2F 0-1: Hit by Pitch
|
|
Batting: RHB Dustin Goldsborough
|
0-0: Called Strike 0-1: 2-RUN HOME RUN (Flyball, 78XD, EV 100.6 MPH), Distance : 429 ft
|
|
Batting: RHB Andy Baumhardt
|
0-0: Ball 1-0: Ball 2-0: Fly out, F7 (Line Drive, 7S, EV 99.4 MPH)
|
|
Batting: RHB Trevor Woodbury
|
0-0: Ball 1-0: Ball 2-0: Foul Ball, location: 2F 2-1: Called Strike 2-2: Foul Ball, location: 2F 2-2: Ball 3-2: Foul Ball, location: 2F 3-2: DOUBLE (Line Drive, 7LM, EV 110.0 MPH)
|
|
Pitching: LHP Heriberto Flores
|
|
|
Batting: LHB Tom Mooney
|
0-0: SINGLE (Groundball, 4MD, EV 99.4 MPH) Trevor Woodbury to third Runner from 3rd tries for Home, SAFE, throw by CF to home
|
|
Batting: RHB Ricardo Saucedo
|
0-0: Foul Ball, location: 2F 0-1: Called Strike 0-2: Hit by Pitch Tom Mooney to second
|
|
Batting: RHB Adrian Cox
|
0-0: Ball 1-0: Ball 2-0: Swinging Strike 2-1: Swinging Strike 2-2: Strikes out swinging
|
| Top of the 6th over - 3 runs, 3 hits, 0 errors, 2 left on base; Chicago (APP) 4 - Johnson City 1 |
| BOTTOM OF THE 6TH |
|
Johnson City Cardinals batting - Pitching for Chicago (APP) Cubs : RHP Velimir Sljivancanin
|
|
Batting: LHB Billy Lang
|
0-0: Ball 1-0: Swinging Strike 1-1: Foul Ball, location: 2F 1-2: Foul Ball, location: 2F 1-2: Strikes out swinging
|
|
Batting: RHB Kyle Burns
|
0-0: Ball 1-0: Called Strike 1-1: Swinging Strike 1-2: Foul Ball, location: 2F 1-2: Strikes out swinging
|
|
Batting: SHB Justin Towry
|
0-0: Called Strike 0-1: Foul Ball, location: 2F 0-2: Ground out 4-3 (Groundball, 4, EV 100.0 MPH)
|
| Bottom of the 6th over - 0 runs, 0 hits, 0 errors, 0 left on base; Chicago (APP) 4 - Johnson City 1 |
| TOP OF THE 7TH |
|
Chicago (APP) Cubs batting - Pitching for Johnson City Cardinals : LHP Heriberto Flores
|
|
Batting: RHB Mike Hill
|
0-0: Ball 1-0: DOUBLE (Flyball, 8LXD, EV 90.0 MPH)
|
|
Batting: LHB Hiroki Yamamoto
|
0-0: Foul Ball, location: 2F 0-1: Foul Ball, location: 2F 0-2: Foul Ball, location: 2F 0-2: Ball 1-2: Foul Ball, location: 2F 1-2: Strikes out swinging
|
|
Batting: RHB T.J. Garrison
|
0-0: Called Strike 0-1: Ball 1-1: Foul Ball, location: 2F 1-2: Strikes out swinging
|
|
Pitching: RHP Jim Morse
|
|
|
Batting: RHB Dustin Goldsborough
|
0-0: Ball 1-0: Swinging Strike 1-1: Swinging Strike 1-2: Ball 2-2: Strikes out swinging
|
| Top of the 7th over - 0 runs, 1 hit, 0 errors, 1 left on base; Chicago (APP) 4 - Johnson City 1 |
| BOTTOM OF THE 7TH |
|
Johnson City Cardinals batting - Pitching for Chicago (APP) Cubs : RHP Velimir Sljivancanin
|
|
Batting: RHB Herbert Loveless
|
0-0: SOLO HOME RUN (Flyball, 78XD, EV 110.6 MPH), Distance : 421 ft
|
|
Batting: RHB Adam Hudson
|
0-0: Ball 1-0: Ball 2-0: Called Strike 2-1: Swinging Strike 2-2: Ball 3-2: Strikes out looking
|
|
Batting: RHB Alex Melgoza
|
0-0: Swinging Strike 0-1: Ball 1-1: Ball 2-1: Ball 3-1: Called Strike 3-2: Base on Balls
|
|
Batting: RHB Bobby Miles
|
0-0: Ball 1-0: Called Strike 1-1: Ball 2-1: Ball 3-1: Base on Balls Alex Melgoza to second
|
|
Pinch Hitting: LHB Ken Compton
|
0-0: Ball 1-0: Foul Ball, location: 2F 1-1: Ball 2-1: Foul Ball, location: 2F 2-2: TRIPLE (Flyball, 78XD, EV 101.2 MPH) Alex Melgoza scores Bobby Miles scores
|
|
Batting: RHB Sam Daw
|
0-0: Called Strike 0-1: Foul Ball, location: 2F 0-2: SINGLE (Groundball, 34D, EV 96.2 MPH) Ken Compton scores
|
|
Batting: LHB Billy Lang
|
0-0: Called Strike 0-1: Ball Sam Daw steals 2nd base 1-1: Ball 2-1: Ball 3-1: Base on Balls
|
|
Batting: RHB Kyle Burns
|
0-0: Ball 1-0: Called Strike 1-1: Ball 2-1: Ball 3-1: Base on Balls Sam Daw to third Billy Lang to second
|
|
Batting: SHB Justin Towry
|
0-0: Called Strike 0-1: Ball 1-1: Foul Ball, location: 2F 1-2: Foul Ball, location: 2F 1-2: GRAND SLAM HOME RUN (Line Drive, 89XD, EV 111.9 MPH), Distance : 442 ft
|
|
Pitching: RHP Roberto Cruz
|
|
|
Batting: RHB Herbert Loveless
|
0-0: Foul Ball, location: 2F 0-1: Foul Ball, location: 2F 0-2: Strikes out swinging
|
|
Batting: RHB Adam Hudson
|
0-0: Called Strike 0-1: Called Strike 0-2: Foul Ball, location: 2F 0-2: Ball 1-2: Foul Ball, location: 2F 1-2: Ground out 4-3 (Groundball, 4, EV 93.8 MPH)
|
| Bottom of the 7th over - 8 runs, 4 hits, 0 errors, 0 left on base; Chicago (APP) 4 - Johnson City 9 |
| TOP OF THE 8TH |
|
Chicago (APP) Cubs batting - Pitching for Johnson City Cardinals : RHP Jim Morse
|
|
Now in LF: Ken Compton
|
|
|
Batting: RHB Andy Baumhardt
|
0-0: Fly out, F8 (Flyball, 8LD, EV 97.5 MPH)
|
|
Batting: RHB Trevor Woodbury
|
0-0: Ball 1-0: Called Strike 1-1: SINGLE (Groundball, 4MD, EV 102.5 MPH)
|
|
Batting: LHB Tom Mooney
|
0-0: Sac Bunt to 15S - play at first, batter OUT! 1-3 Trevor Woodbury to second
|
|
Batting: RHB Ricardo Saucedo
|
0-0: Ball 1-0: Called Strike 1-1: DOUBLE (Groundball, 5L, EV 111.2 MPH) Trevor Woodbury scores
|
|
Batting: RHB Adrian Cox
|
0-0: Ball 1-0: Ball 2-0: Ball Wild Pitch! Ricardo Saucedo to third 3-0: Called Strike 3-1: Base on Balls
|
|
Batting: RHB Mike Hill
|
0-0: Ball 1-0: 3-RUN HOME RUN (Flyball, 7LD, EV 94.4 MPH), Distance : 346 ft
|
|
Batting: LHB Hiroki Yamamoto
|
0-0: Ball 1-0: Called Strike 1-1: Ball 2-1: Ball 3-1: Base on Balls
|
|
Batting: RHB T.J. Garrison
|
0-0: Foul Ball, location: 2F 0-1: Swinging Strike 0-2: Foul Ball, location: 2F 0-2: Hit by Pitch Hiroki Yamamoto to second
|
|
Batting: RHB Dustin Goldsborough
|
0-0: Swinging Strike 0-1: Called Strike 0-2: Ball 1-2: Strikes out swinging
|
| Top of the 8th over - 4 runs, 3 hits, 0 errors, 2 left on base; Chicago (APP) 8 - Johnson City 9 |
| BOTTOM OF THE 8TH |
|
Johnson City Cardinals batting - Pitching for Chicago (APP) Cubs : RHP Roberto Cruz
|
|
Batting: RHB Alex Melgoza
|
0-0: Ball 1-0: Ball 2-0: Called Strike 2-1: Ball 3-1: Foul Ball, location: 2F 3-2: Hit by Pitch
|
|
Batting: RHB Bobby Miles
|
0-0: Ball 1-0: Ball 2-0: Foul Ball, location: 2F 2-1: Hit by Pitch Alex Melgoza to second
|
|
Batting: LHB Ken Compton
|
0-0: Called Strike 0-1: Ball 1-1: Ball 2-1: Ball 3-1: Base on Balls Alex Melgoza to third Bobby Miles to second
|
|
Batting: RHB Sam Daw
|
0-0: Ball Wild Pitch! Alex Melgoza scores Bobby Miles to third Ken Compton to second 1-0: Ball 2-0: Called Strike 2-1: 3-RUN HOME RUN (Flyball, 7D, EV 98.1 MPH), Distance : 393 ft
|
|
Batting: LHB Billy Lang
|
0-0: Ball 1-0: Ball 2-0: Ball 3-0: Called Strike 3-1: Foul Ball, location: 2F 3-2: Base on Balls
|
|
Batting: RHB Kyle Burns
|
0-0: Called Strike 0-1: Foul Ball, location: 2F 0-2: Foul Ball, location: 2F 0-2: Ball 1-2: Strikes out swinging
|
|
Batting: SHB Justin Towry
|
0-0: Ball 1-0: Swinging Strike 1-1: Swinging Strike 1-2: Ball 2-2: Strikes out looking
|
|
Batting: RHB Herbert Loveless
|
0-0: Foul Ball, location: 2F 0-1: Ball 1-1: Foul Ball, location: 2F 1-2: Foul Ball, location: 2F 1-2: Foul Ball, location: 2F 1-2: SINGLE (Groundball, 6S, EV 67.5 MPH) (infield hit) Billy Lang to second
|
|
Batting: RHB Adam Hudson
|
0-0: Called Strike 0-1: Fly out, F7 (Flyball, 78S, EV 85.6 MPH)
|
| Bottom of the 8th over - 4 runs, 2 hits, 0 errors, 2 left on base; Chicago (APP) 8 - Johnson City 13 |
| TOP OF THE 9TH |
|
Chicago (APP) Cubs batting - Pitching for Johnson City Cardinals : RHP Jim Morse
|
|
Batting: RHB Andy Baumhardt
|
0-0: Foul Ball, location: 2F 0-1: Ball 1-1: Ball 2-1: Ball 3-1: Foul Ball, location: 2F 3-2: Foul Ball, location: 2F 3-2: Base on Balls
|
|
Batting: RHB Trevor Woodbury
|
0-0: SINGLE (Groundball, 6D, EV 103.8 MPH) Andy Baumhardt to second
|
|
Batting: LHB Tom Mooney
|
0-0: SINGLE (Groundball, 4MD, EV 97.5 MPH) Andy Baumhardt to third Trevor Woodbury to second
|
|
Batting: RHB Ricardo Saucedo
|
0-0: Called Strike 0-1: Ball 1-1: GRAND SLAM HOME RUN (Flyball, 7D, EV 95.0 MPH), Distance : 377 ft
|
|
Pitching: LHP Craig Soole
|
|
|
Batting: RHB Adrian Cox
|
0-0: Ball 1-0: Fly out, F7 (Line Drive, 7, EV 108.1 MPH)
|
|
Batting: RHB Mike Hill
|
0-0: Ball 1-0: Ball 2-0: Ball 3-0: Called Strike 3-1: Base on Balls
|
|
Batting: LHB Hiroki Yamamoto
|
0-0: Foul Ball, location: 2F 0-1: Hit by Pitch Mike Hill to second
|
|
Batting: RHB T.J. Garrison
|
0-0: Called Strike 0-1: Foul Ball, location: 2F 0-2: Hit by Pitch Mike Hill to third Hiroki Yamamoto to second
|
|
Batting: RHB Dustin Goldsborough
|
0-0: Ball 1-0: SINGLE (Groundball, 4, EV 103.8 MPH) (infield hit) Mike Hill scores Hiroki Yamamoto to third T.J. Garrison to second
|
|
Batting: RHB Andy Baumhardt
|
0-0: Ball 1-0: Called Strike 1-1: Ball 2-1: Foul Ball, location: 2F 2-2: Ball 3-2: Foul Ball, location: 2F 3-2: Foul Ball, location: 2F 3-2: Base on Balls Hiroki Yamamoto scores T.J. Garrison to third Dustin Goldsborough to second
|
|
Batting: RHB Trevor Woodbury
|
0-0: Ball 1-0: Grounds into fielders choice 1-2 (Groundball, 15, EV 63.1 MPH) Dustin Goldsborough to third Andy Baumhardt to second
|
|
Batting: LHB Tom Mooney
|
0-0: Called Strike 0-1: Ball 1-1: Swinging Strike 1-2: Fly out, F8 (Flyball, 8LM, EV 98.1 MPH)
|
| Top of the 9th over - 6 runs, 4 hits, 0 errors, 3 left on base; Chicago (APP) 14 - Johnson City 13 |
| BOTTOM OF THE 9TH |
|
Johnson City Cardinals batting - Pitching for Chicago (APP) Cubs : RHP Roberto Cruz
|
|
Batting: RHB Alex Melgoza
|
0-0: Called Strike 0-1: Ball 1-1: Ball 2-1: Ball 3-1: Called Strike 3-2: Foul Ball, location: 2F 3-2: Base on Balls
|
|
Batting: RHB Bobby Miles
|
0-0: Swinging Strike 0-1: SINGLE (Line Drive, 8RS, EV 86.9 MPH) Alex Melgoza to second
|
|
Pitching: RHP Anastagio Fasola
|
|
|
Batting: LHB Ken Compton
|
0-0: Ball 1-0: Ball 2-0: Called Strike 2-1: Ball 3-1: Base on Balls Alex Melgoza to third Bobby Miles to second
|
|
Batting: RHB Sam Daw
|
0-0: Ball 1-0: Swinging Strike 1-1: Swinging Strike 1-2: Strikes out swinging
|
|
Batting: LHB Billy Lang
|
0-0: Swinging Strike 0-1: Foul Ball, location: 2F 0-2: Foul Ball, location: 2F 0-2: Ball 1-2: Ball 2-2: Foul Ball, location: 2F 2-2: SINGLE (Groundball, 4MD, EV 110.0 MPH) Alex Melgoza scores Bobby Miles to third Ken Compton to second
|
|
Batting: RHB Kyle Burns
|
0-0: Ball 1-0: Swinging Strike Passed Ball! Bobby Miles scores
|
| Bottom of the 9th over - 2 runs, 2 hits, 0 errors, 2 left on base; Chicago (APP) 14 - Johnson City 15 |
|